 Dungeon Crawl Stone Soup version 0.25.1-2-g60ff931df9 (webtiles) character file.

Game seed: 16326523476957347594

11449 Curus the Fighter (level 11, 105/105 HPs)
             Began as a Hill Orc Berserker on Sept 3, 2020.
             Was a High Priest of Trog.
             Quit the game on level 1 of the Lair of Beasts on Sept 12, 2020.
             The game lasted 00:34:58 (10049 turns).

Curus the Fighter (Hill Orc Berserker)             Turns: 10049, Time: 00:34:59

Health: 105/105    AC: 24    Str: 21    XL:     11   Next: 77%
Magic:  11/11      EV:  7    Int:  7    God:    Trog [*****.]
Gold:   603        SH:  3    Dex: 15    Spells: 10/10 levels left

rFire    . . .     SeeInvis .   w - +1 demon whip (vamp)
rCold    + . .     Gourm    .   p - +0 buckler
rNeg     . . .     Faith    .   l - +3 plate armour
rPois    .         Spirit   .   G - +2 helmet
rElec    .         Reflect  .   A - +0 cloak
rCorr    +         Harm     .   (no gloves)
MR       .....                  (no boots)
Stlth    ..........             u - amulet of regeneration
HPRegen  0.67/turn              h - ring of resist corrosion
MPRegen  0.12/turn              s - ring of protection from cold

@: no status effects
A: thin skeletal structure 1, shaggy fur 1
a: Berserk, Trog's Hand, Brothers in Arms, Renounce Religion


You were on level 1 of the Lair of Beasts.
You worshipped Trog.
Trog was extremely pleased with you.
You were not hungry.

You visited 2 branches of the dungeon, and saw 12 of its levels.
You also visited: Ossuary.

You collected 603 gold pieces.

Inventory:

Hand Weapons
 a - a +1 mace
 g - a +0 flail
 j - a +2 whip of electrocution
 n - a +0 morningstar
 w - a +1 vampiric demon whip (weapon)
Armour
 b - a +0 animal skin
 d - a +0 leather armour
 e - a +0 ring mail
 k - a +0 chain mail
 l - a +3 plate armour (worn)
 p - a +0 buckler (worn)
 A - a +0 cloak (worn)
 G - a +2 helmet (worn)
Jewellery
 h - a ring of resist corrosion (left hand)
 s - a ring of protection from cold (right hand)
 t - the amulet "Ummyptei" {Inacc *Corrode rElec MR+ Str+4}
   (You found it on level 6 of the Dungeon)

   [amulet of inaccuracy]

   It reduces the accuracy of all your attacks.
   It affects your strength (+4).
   It insulates you from electricity.
   It affects your resistance to hostile enchantments.
   It may corrode you when you take damage.
 u - an amulet of regeneration (around neck)
 v - an uncursed amulet of reflection
 C - an uncursed ring of fire
 E - a -4 ring of intelligence
 J - an uncursed ring of see invisible
Wands
 x - a wand of polymorph (15)
 z - a wand of flame (14)
 B - a wand of random effects (18)
 F - a wand of acid (7)
 I - a wand of disintegration (13)
 K - a wand of digging (5)
Scrolls
 i - 8 scrolls of identify
 q - 7 scrolls of teleportation
 y - 2 scrolls of remove curse
 D - 2 scrolls of magic mapping
 H - a scroll of fog
Potions
 f - 5 potions of haste
 m - 6 potions of curing
 o - 4 potions of stabbing
 r - 3 potions of flight
 L - a potion of cancellation
Comestibles
 c - 11 rations


   Skills:
 - Level 12.7 Fighting
 - Level 12.0 Maces & Flails
 - Level 11.6 Armour
 - Level 1.5 Dodging
 + Level 0.0 Shields
 + Level 0.0 Evocations


You had 10 spell levels left.
You didn't know any spells.
Your spell library was empty.

Dungeon Overview and Level Annotations

Branches:
Dungeon (11/15)            Temple (0/1) D:4            Lair (1/6) D:11
Ossuary (visited)
    Orc: D:9-12

Altars:
Ashenzari
Uskayaw
Yredelemnul

Shops:
D:8 }


Innate Abilities, Weirdness & Mutations

You have a somewhat thin skeletal structure. (Dex +2, Stealth)
You are covered in fur. (AC +1)


Message History

You remove your ring of see invisible.
h - a ring of resist corrosion (left hand) There's nothing to close nearby.
Evoke which item? (* to show all) (? for menu, Esc to quit)
Okay, then.
Okay, then.
Unknown command.
You climb downwards.
Welcome to the Lair of Beasts!
A bullfrog comes into view.
The bullfrog gives a loud, deep croak!
There is a staircase back to the Dungeon here.
Saving game... please wait.
Welcome back, Curus the Hill Orc Berserker.
Trog says: Kill them all!
Press ? for a list of commands and other information.
Unknown command.
Welcome back, Curus the Hill Orc Berserker.
Trog says: Kill them all!
Press ? for a list of commands and other information.
Are you sure you want to abandon this character and quit the game? (Confirm with "yes".)

..........
..........
#....F....
#.........
#.........
.........
#........
#@.......
#.P.......
...........
#.######...##
P. #...# ..
#..# . #.. ..


You could see a bullfrog.

Vanquished Creatures
  Erolcha (D:11)
  3 two-headed ogres
  A cyclops (D:11)
  Maggie (D:9)
  A troll (D:11)
  Grinder (D:6)
  A hornet (D:8)
  Prince Ribbit (D:6)
  A wraith (D:11)
  11 yaks (D:10)
  A human (D:7)
  Duvessa (D:6)
  3 ice beasts
  An orc warrior (D:7)
  2 sky beasts (D:8)
  A necrophage (D:7)
  2 eyes of draining
  A phantom (D:5)
  3 centaurs
  5 ogres
  A crocodile (D:9)
  2 big kobolds (D:8)
  6 bullfrogs
  A wyvern zombie (D:9)
  Dowan (D:6)
  13 scorpions
  5 killer bees (D:11)
  8 wights
  2 jellies
  3 howler monkeys
  A crimson imp (D:8)
  A quasit (D:8)
  2 centaur zombies
  2 human zombies (Ossuary)
  A bullfrog zombie (D:6)
  4 hounds
  Crazy Yiuf (D:6)
  5 orc priests
  8 orc wizards
  2 bullfrog skeletons
  5 iguanas
  A centaur skeleton (D:10)
  4 worker ants
  A killer bee zombie (D:5)
  3 big kobold zombies (Ossuary)
  A hound zombie (D:5)
  A hound skeleton (D:4)
  3 mummies (Ossuary)
  A worker ant zombie (D:7)
  8 gnolls
  6 scorpion zombies (Ossuary)
  8 adders
  3 shadow imps
  2 oozes
  An adder skeleton (D:5)
  2 adder zombies
  A worm (D:2)
  5 leopard geckos
  40 orcs
  6 giant cockroaches
  2 goblins
  4 hobgoblins
  16 jackals
  4 quokkas
  6 bats
  8 frilled lizards
  A gnoll zombie (Ossuary)
  4 goblin zombies
  A hobgoblin zombie (Ossuary)
  14 kobolds
  A kobold zombie (Ossuary)
  2 orc zombies (Ossuary)
  2 rats
278 creatures vanquished.

Notes
Turn   | Place    | Note
-------+----------+-------------------------------------------
     0 | D:1      | Curus the Hill Orc Berserker began the quest for the Orb.
     0 | D:1      | Reached XP level 1. HP: 19/19 MP: 1/1
   430 | D:1      | Reached XP level 2. HP: 22/26 MP: 2/2
  1249 | D:2      | Reached ** piety under Trog
  1257 | D:2      | Reached XP level 3. HP: 15/31 MP: 3/3
  2122 | D:3      | Reached skill level 5 in Maces & Flails
  2302 | D:3      | Reached XP level 4. HP: 32/39 MP: 4/4
  2964 | D:4      | Reached XP level 5. HP: 45/45 MP: 5/5
  3101 | D:4      | Noticed a centaur
  3107 | D:4      | Killed a centaur
  3107 | D:4      | Reached XP level 6. HP: 29/51 MP: 6/6
  3597 | D:4      | Found a shattered altar of Ashenzari.
  3663 | D:4      | Found a staircase to the Ecumenical Temple.
  3796 | D:5      | Entered Level 5 of the Dungeon
  3827 | D:5      | Reached XP level 7. HP: 56/57 MP: 7/7
  4030 | D:5      | Reached *** piety under Trog
  4622 | D:5      | Reached skill level 10 in Maces & Flails
  4622 | D:5      | Reached XP level 8. HP: 61/64 MP: 8/8
  5095 | D:6      | Noticed Grinder
  5105 | D:6      | Killed Grinder
  5127 | D:6      | Got a twitching crystal amulet
  5135 | D:6      | Identified the amulet "Ummyptei" {Inacc *Corrode rElec MR+
                  | Str+4} (You found it on level 6 of the Dungeon)
  5637 | D:6      | Found a runed translucent door.
  5638 | D:6      | Noticed Crazy Yiuf
  5687 | D:6      | Noticed Prince Ribbit
  5710 | D:6      | Killed Prince Ribbit
  5710 | D:6      | Reached XP level 9. HP: 18/73 MP: 9/9
  5800 | D:6      | Noticed Duvessa
  5801 | D:6      | Noticed Dowan
  5811 | D:6      | Killed Duvessa
  5811 | D:6      | Reached skill level 5 in Fighting
  5824 | D:6      | Killed Dowan
  5824 | D:6      | Reached **** piety under Trog
  5979 | D:6      | Killed Crazy Yiuf
  6245 | D:7      | Found a runed translucent door.
  6250 | D:7      | Found a basalt altar of Yredelemnul.
  6275 | D:7      | Found a sand-covered staircase.
  6285 | D:7      | Reached skill level 5 in Armour
  6313 | Ossuary  | Entered an ossuary
  6519 | Ossuary  | Identified a scroll of acquirement
  6519 | Ossuary  | Acquired a +1 vampiric demon whip
  6602 | Ossuary  | Gained mutation: You are covered in fur. (AC +1) [potion of
                  | mutation]
  6602 | Ossuary  | Gained mutation: You have a somewhat thin skeletal
                  | structure. (Dex +2, Stealth) [potion of mutation]
  7249 | D:8      | Reached XP level 10. HP: 88/88 MP: 10/10
  7448 | D:8      | Noticed a two-headed ogre
  7451 | D:8      | Reached ***** piety under Trog
  7460 | D:8      | Found a hide-covered altar of Uskayaw.
  7470 | D:8      | Killed a two-headed ogre
  7575 | D:8      | Found Ruitaceu's Gadget Shoppe.
  8050 | D:9      | Reached skill level 10 in Fighting
  8120 | D:9      | Noticed Maggie
  8140 | D:9      | Killed Maggie
  8240 | D:9      | Noticed a two-headed ogre
  8250 | D:9      | Killed a two-headed ogre
  8351 | D:9      | Reached XP level 11. HP: 99/101 MP: 11/11
  8379 | D:9      | Noticed a two-headed ogre
  8385 | D:9      | Killed a two-headed ogre
  8385 | D:9      | Reached skill level 10 in Armour
  8830 | D:10     | Entered Level 10 of the Dungeon
  9881 | D:11     | Noticed Erolcha
  9892 | D:11     | Noticed a cyclops
  9894 | D:11     | Killed Erolcha
  9909 | D:11     | Killed a cyclops
 10043 | D:11     | Found a staircase to the Lair.
 10048 | Lair:1   | Entered Level 1 of the Lair of Beasts
 10049 | Lair:1   | Quit the game

Illustrated notes

Levels and vault maps discovered:
D:1:      psy_arrival_basics, layout_basic, chequers_serial_rivers_micro_b,
          minmay_lizard_king
D:2:      layout_basic
D:3:      layout_basic
D:4:      layout_rooms, minmay_temple_entry_hall, skrybe_limestone_x,
          nicolae_ashenzari_panopticon
D:5:      layout_gridville, first_ration, minmay_diced_spiral
D:6:      layout_basic, uniq_grinder, uniq_duvessa, uniq_crazy_yiuf_cottage,
          uniq_prince_ribbit1
D:7:      layout_loops_ring, enter_ossuary_1, dk_yredelemnul_ordeal
D:8:      layout_basic, eat_drink_and_be_merry_uskayaw, serial_shops,
          nicolae_shop_crystal, minmay_misc_feat_pillars
D:9:      layout_irregular_city, uniq_maggie
D:10:     layout_small_grid
D:11:     layout_stronghold, lair_entry_dummy, david_orc_4, uniq_erolcha
Lair:1:   layout_cave_pods, minivault_19, grunt_megastairs_2

Skill      XL: |  1  2  3  4  5  6  7  8  9 10 11 |
---------------+----------------------------------+-----
Maces & Flails | 4 5 6 7 8 10 12 | 12.0
Fighting       | 4 8 10 12 | 12.7
Armour         | 3 6 9 11 | 11.6
Dodging        | |  1.5

Action                   |  1- 3 |  4- 6 |  7- 9 | 10-12 || total
-------------------------+-------+-------+-------+-------++-------
Melee: Mace              |   131 |     2 |       |       ||   133
       Flail             |       |     8 |       |       ||     8
       Whip              |       |    88 |   399 |       ||   487
       Demon whip        |       |       |   120 |   473 ||   593
Invok: Berserk           |     1 |       |     2 |       ||     3
       Trog's Hand       |       |       |     2 |     2 ||     4
Evoke: Wand              |       |       |       |     1 ||     1
  Use: Potion            |     7 |     1 |     3 |     2 ||    13
       Scroll            |     4 |     2 |    13 |     1 ||    20
 Stab: Distracted        |       |       |     1 |       ||     1
  Eat: Chunk             |     5 |     5 |    11 |     7 ||    28
       Ration            |       |       |     1 |     1 ||     2
Armor: Animal skin       |     7 |       |       |       ||     7
       Leather armour    |     9 |       |       |       ||     9
       Ring mail         |    18 |       |       |       ||    18
       Chain mail        |     5 |    15 |       |       ||    20
       Plate armour      |       |    23 |   158 |   220 ||   401
Dodge: Dodged            |    97 |    26 |    57 |    95 ||   275
Block: Buckler           |       |       |    20 |    43 ||    63
